 Dungeon Crawl Stone Soup version 0.29.1 (webtiles) character file.

Game seed: 18276378292277783201

1694205 Mgcat the Axe Maniac (level 27, 230/230 HPs)
             Began as a Hill Orc Fighter on Sept 14, 2022.
             Was the Champion of Okawaru.
             Escaped with the Orb
             ... and 3 runes!
             The game lasted 02:27:28 (65979 turns).

Mgcat the Axe Maniac (Hill Orc Fighter)            Turns: 65979, Time: 02:27:28

Health: 230/230    AC: 34    Str: 52    XL:     27
Magic:  41/41      EV: 13    Int:  6    God:    Okawaru [******]
Gold:   5683       SH: 31    Dex: 10    Spells: 26/26 levels left

rFire   + + +      SeeInvis .   a - +9 broad axe (elec)
rCold   + + .      Faith    .   g - +9 tower shield of Marbles {rElec}
rNeg    + + .      Spirit   .   w - +4 gold dragon scales
rPois   +          Reflect  .   E - +1 hat "Vaib" {rPois rN+ Str+6}
rElec   +          Harm     .   c - +1 cloak of Orthodoxy {Contam rCorr Str+6}
rCorr   +          Rampage  +   r - +3 pair of gauntlets of War {Slay+5}
Will    ++++.                   I - +2 pair of boots {rampage}
Stlth   ..........              p - amulet "Hubbue" {Acrobat Will+ MP+9}
HPRegen 0.48/turn               f - ring of the Histrionic God {rF+ rC+ rCorr Str+7 Int-2}
MPRegen 0.27/turn               u - ring of Paranoia {rF+ rN+ Will+ Slay+2}

@: studying 5 skills
A: thin skeletal structure 1, clumsy 1, deformed body, frail 1, wild magic 1
0: Orb of Zot
}: 3/15 runes: decaying, serpentine, silver
a: Renounce Religion, Heroism, Finesse, Duel


You escaped.
You worshipped Okawaru.
Okawaru was exalted by your worship.
You visited 10 branches of the dungeon, and saw 48 of its levels.
You visited the Abyss 1 time.
You also visited: Trove, Bailey and Ice Cave.

You collected 10485 gold pieces.
You spent 4802 gold pieces at shops.

Inventory:

Hand Weapons
 a - a +9 broad axe of electrocution (weapon)
   (Okawaru gifted it to you on level 4 of the Lair of Beasts)
 q - a +2 broad axe of holy wrath
   (Okawaru gifted it to you on level 1 of the Swamp)
 M - a +6 vampiric war axe {!w}
   (You found it on level 3 of the Elven Halls)
Armour
 c - the +1 cloak of Orthodoxy (worn) {Contam rCorr Str+6}
   (Okawaru gifted it to you on level 11 of the Dungeon)

   Str:       It affects your strength (+6).
   Contam:    It causes magical contamination when unequipped.
   rCorr:     It protects you from acid and corrosion.
 g - the +9 tower shield of Marbles (worn) {rElec}
   (You found it in a treasure trove)

   rElec:     It insulates you from electricity.
 r - the +3 pair of gauntlets of War (worn) {Slay+5}
   (You bought it in a shop on level 5 of the Vaults)

   Slay:      It affects your accuracy & damage with ranged weapons and melee
   (+5).
 w - +4 gold dragon scales (worn)
   (You found it on level 5 of the Vaults)
 E - the +1 hat "Vaib" (worn) {rPois rN+ Str+6}
   (Okawaru gifted it to you on level 3 of the Vaults)

   Str:       It affects your strength (+6).
   rPois:     It protects you from poison.
   rN:        It protects you from negative energy.
 I - a +2 pair of boots of rampaging (worn)
   (Okawaru gifted it to you on level 10 of the Dungeon)
Jewellery
 f - the ring of the Histrionic God (left hand) {rF+ rC+ rCorr Str+7 Int-2}
   (You found it on level 3 of the Elven Halls)

   [ring of protection from cold]

   Str:       It affects your strength (+7).
   Int:       It affects your intelligence (-2).
   rF:        It protects you from fire.
   rC:        It protects you from cold.
   rCorr:     It protects you from acid and corrosion.
 m - an amulet of magic regeneration
   (You took it off a white draconian on level 5 of the Realm of Zot)
 n - the amulet of Fun {Reflect rPois Dex+4 SH+5}
   (You found it on level 3 of the Elven Halls)

   [amulet of reflection]

   It reflects blocked missile attacks.
   Dex:       It affects your dexterity (+4).
   rPois:     It protects you from poison.
   SH:        It affects your SH (+5).
 p - the amulet "Hubbue" (around neck) {Acrobat Will+ MP+9}
   (You took it off a deep elf demonologist on level 3 of the Elven Halls)

   [amulet of the acrobat]

   It increases your evasion while moving and waiting.
   MP:        It affects your magic capacity (+9).
   Will:      It increases your willpower.
 s - a ring of flight {+Fly, !d}
   (You found it on level 2 of the Dungeon)
 u - the ring of Paranoia (right hand) {rF+ rN+ Will+ Slay+2}
   (You found it in a treasure trove)

   [ring of positive energy]

   Slay:      It affects your accuracy & damage with ranged weapons and melee
   (+2).
   rF:        It protects you from fire.
   rN:        It protects you from negative energy.
   Will:      It increases your willpower.
 X - the ring "Hiwaq" {Wiz Will+ SInv}
   (You bought it in a shop on level 2 of the Orcish Mines)

   [ring of wizardry]

   It improves your spell success rate.
   SInv:      It lets you see invisible.
   Will:      It increases your willpower.
Wands
 y - a wand of digging (38)
   (You found it on level 11 of the Dungeon)
 B - a wand of polymorph (9)
   (You found it on level 3 of the Depths)
 D - a wand of light (27)
   (You found it on level 6 of the Dungeon)
 F - a wand of roots (37)
   (You found it on level 5 of the Lair of Beasts)
 O - a wand of mindburst (42)
   (You found it on level 2 of the Lair of Beasts)
Scrolls
 e - 6 scrolls of silence
 k - a scroll of fear
 l - 6 scrolls of fog
 v - 29 scrolls of teleportation
 x - 7 scrolls of poison {!r}
 J - 6 scrolls of blinking {!r}
 R - 6 scrolls of magic mapping {!r}
 T - 2 scrolls of torment {!r}
Potions
 b - 8 potions of ambrosia
 d - 5 potions of invisibility
 h - 2 potions of flight
 i - 9 potions of lignification {!q}
 j - 9 potions of might
 t - 23 potions of curing
 z - 6 potions of resistance
 A - 4 potions of brilliance
 H - 11 potions of heal wounds
 N - 7 potions of mutation {!q}
 S - 6 potions of berserk rage {!q}
 W - 3 potions of cancellation
Miscellaneous
 o - a condenser vane
   (You found it on level 1 of the Lair of Beasts)


   Skills:
 + Level 22.9 Fighting
 O Level 27 Axes
 - Level 17.2 Ranged Weapons
 + Level 21.2 Armour
 + Level 14.1 Dodging
 + Level 23.0 Shields
 - Level 12.0 Invocations
 + Level 16.0 Evocations


You had 26 spell levels left.
You didn't know any spells.
Your spell library contained the following spells:

 Spells                   Type           Power      Damage    Failure   Level
 Foxfire                  Conj/Fire      0%         2x1d4     98%         1
 Freeze                   Ice            0%         1d3       98%         1
 Magic Dart               Conj           0%         1d3       98%         1
 Sandblast                Erth           0%         2d4       98%         1
 Slow                     Hex            0%         N/A       98%         1
 Sting                    Tmut/Pois      0%         1d3       98%         1
 Blink                    Tloc           0%         N/A       99%         2
 Passwall                 Tmut/Erth      0%         N/A       99%         2
 Poisonous Vapours        Pois/Air       0%         N/A       99%         2
 Scorch                   Fire           0%         2d5       99%         2
 Searing Ray              Conj           0%         2d4       99%         2
 Sublimation of Blood     Necr           0%         N/A       99%         2
 Confusing Touch          Hex            0%         N/A       100%        3
 Conjure Flame            Conj/Fire      0%         6-21      100%        3
 Frozen Ramparts          Ice            0%         1d1       100%        3
 Ignite Poison            Fire/Tmut/Pois 0%         N/A       100%        3
 Inner Flame              Hex/Fire       0%         N/A       100%        3
 Lesser Beckoning         Tloc           0%         N/A       100%        3
 Mephitic Cloud           Conj/Pois/Air  0%         N/A       100%        3
 Ozocubu's Armour         Ice            0%         N/A       100%        3
 Portal Projectile        Hex/Tloc       0%         N/A       100%        3
 Stone Arrow              Conj/Erth      0%         3d7       100%        3
 Vampiric Draining        Necr           0%         2d6       100%        3
 Anguish                  Hex/Necr       0%         N/A       100%        4
 Cause Fear               Hex            0%         N/A       100%        4
 Flame Wave               Conj/Fire      0%         2d4       100%        4
 Fulminant Prism          Conj/Hex       0%         3d6       100%        4
 Hailstorm                Conj/Ice       0%         3d3       100%        4
 Ice Form                 Ice/Tmut       0%         N/A       100%        4
 Iskenderun's Mystic Bla  Conj/Tloc      0%         2d3       100%        4
 Leda's Liquefaction      Hex/Erth       0%         N/A       100%        4
 Olgreb's Toxic Radiance  Pois           0%         N/A       100%        4
 Passage of Golubria      Tloc           0%         N/A       100%        4
 Petrify                  Tmut/Erth      0%         N/A       100%        4
 Alistair's Intoxication  Tmut/Pois      0%         N/A       100%        5
 Blade Hands              Tmut           0%         N/A       100%        5
 Borgnjor's Vile Clutch   Necr/Erth      0%         N/A       100%        5
 Freezing Cloud           Conj/Ice/Air   0%         6-21      100%        5
 Irradiate                Conj/Tmut      0%         3d11      100%        5
 Iskenderun's Battlesphe  Conj           0%         2d6       100%        5
 Lee's Rapid Deconstruct  Erth           0%         3d5*      100%        5
 Manifold Assault         Tloc           0%         N/A       100%        5
 Yara's Violent Unravell  Hex/Tmut       0%         3d3       100%        5
 Dispersal                Tloc           0%         N/A       100%        6
 Eringya's Noxious Bog    Tmut/Pois      0%         N/A       100%        6
 Iron Shot                Conj/Erth      0%         9d1       100%        6
 Dragon Form              Tmut           0%         N/A       100%        7
 Ozocubu's Refrigeration  Ice            0%         4d7       100%        7
 Disjunction              Tloc           0%         N/A       100%        8
 Ignition                 Fire           0%         3d3       100%        8
 Chain Lightning          Conj/Air       0%         N/A       100%        9
 Fire Storm               Conj/Fire      0%         5d1       100%        9
 Polar Vortex             Ice            0%         N/A       100%        9
 Shatter                  Erth           0%         3d5*      100%        9
 Call Canine Familiar     Summ           Unusable   N/A       N/A         3
 Tukima's Dance           Hex            Unusable   N/A       N/A         3
 Animate Dead             Necr           Unusable   N/A       N/A         4
 Summon Ice Beast         Ice/Summ       Unusable   N/A       N/A         4
 Summon Forest            Summ/Tloc      Unusable   N/A       N/A         5
 Death Channel            Necr           Unusable   N/A       N/A         6
 Simulacrum               Ice/Necr       Unusable   N/A       N/A         6
 Summon Cactus Giant      Summ           Unusable   N/A       N/A         6
 Haunt                    Necr/Summ      Unusable   N/A       N/A         7
 Spellforged Servitor     Conj/Summ      Unusable   N/A       N/A         7
 Summon Hydra             Summ           Unusable   N/A       N/A         7
 Dragon's Call            Summ           Unusable   N/A       N/A         9

Dungeon Overview and Level Annotations

Branches:
Dungeon (15/15)            Temple (1/1) D:4            Lair (5/5) D:10
  Swamp (4/4) Lair:2        Snake (4/4) Lair:2        Slime (0/5) Lair:5
    Orc (2/2) D:12            Elf (3/3) Orc:2        Vaults (5/5) D:14
  Crypt (0/3) Vaults:2     Depths (4/4) D:15            Zot (5/5) Depths:4
 Bailey (visited)           IceCv (visited)

Altars:
Ashenzari
Cheibriados
Dithmenos
Elyvilon
Fedhas
Gozag
Hepliaklqana
Kikubaaqudgha
Makhleb
Nemelex Xobeh
Okawaru
Qazlal
Ru
Sif Muna
Trog
Uskayaw
Vehumet
Wu Jian
Xom
Yredelemnul
Zin
The Shining One
Beogh
Jiyva

Shops:
Orc:1 *   Orc:2 [((=   Elf:1 [   Elf:2 [   Elf:3 !   Vaults:1 ?:[(*
Vaults:2 (   Vaults:4 [   Vaults:5 [   Depths:1 =

Portals:
Hell: Depths:1 Depths:2 Depths:3 Depths:4
Abyss: Zot:3 Depths:3 Depths:4
Pandemonium: Depths:2 Depths:3
Ziggurat: Depths:3

Annotations:
Depths:1 3 runed translucent doors, xzight's ghost, legendary MiBe
Depths:3 exclusions: downstairs and 4 more exclusions
Zot:3 2 transporters, Jofris Vesimp's ghost, legendary GnFE


Innate Abilities, Weirdness & Mutations

You have a somewhat thin skeletal structure. (Dex +2, Stealth+)
You are clumsy. (Dex -2)
Armour fits poorly on your strangely shaped body.
You are frail. (-10% HP)
Your spells are a little harder to cast, but a little more powerful.


Message History

There is a stone staircase leading up here.
You climb upwards.
There is a stone staircase leading down here.
There is a stone staircase leading up here.
You climb upwards.
There is a stone staircase leading down here.
There is a stone staircase leading up here.
You climb upwards.
There is a stone staircase leading down here.
A green death comes into view.
The green death gestures at you. The blast of poison misses you.
The green death gestures at you. The blast of poison engulfs you. You resist.
You take 1 damage, and have 229/230 hp.
You rampage towards the green death!
You block the green death's attack.
Health restored: 230 You slash the green death!
The green death is moderately wounded.
You barely miss the green death.
The green death is moderately wounded.
The green death gestures at you. You block the poison arrow.
You slice the green death!!
The green death is heavily wounded.
You block the green death's attack.
You slice the green death!!
The green death is almost dead.
You block the green death's attack.
You slice the green death!!
You kill the green death!
Okawaru accepts your kill.
(D) Dungeon (T) Temple (L) Lair (S) Swamp (P) Snake Pit (M) Slime Pits (O) Orcish Mines (E) Elven Halls (V) Vaults (C) Crypt (U) Depths (H) Hell (Z) Zot
Where to? (Enter - D:1 @ (x,y), ? - help)
What level of the Dungeon? (default 1, ? - help)
There is a stone staircase leading up here.
You climb upwards.
There is a stone staircase leading down here.
There is a stone staircase leading up here.
You climb upwards.
There is a stone staircase leading down here.
There is a stone staircase leading up here.
You climb upwards.
There is a stone staircase leading down here.
There is a stone staircase leading up here.
You climb upwards.
There is a stone staircase leading down here.
There is an open door here.
A balrug and 4 sun demons come into view.
Spoiler Alert: The balrug can smite you, and cast fireball!
The sun demon shouts! x3
You hit the balrug.
The balrug is lightly wounded.
You slash the sun demon! You slice the balrug!!
The balrug is heavily wounded.
You slash the sun demon! The balrug gestures at you.
You block the sticky flame. You block the sun demon's attack.
Spoiler Alert: The balrug can smite you, and cast fireball!
You open the balrug like a pillowcase!!!
You kill the balrug!
Okawaru accepts your kill.
You hear a splash.
You barely miss the sun demon. You slash the sun demon!
You slice the sun demon!! You block the sun demon's attack. x3
You open the sun demon like a pillowcase!!!!
You kill the sun demon!
Okawaru accepts your kill.
You barely miss the sun demon. You hit the sun demon but do no damage.
You block the sun demon's attack. x2
You carve the sun demon like a ham!!!
The sun demon is severely wounded.
You hit the sun demon. You miss the sun demon.
You block the sun demon's attack.
The sun demon hits you but does no damage.
The sun demon misses you.
You slice the sun demon!!
The sun demon is severely wounded.
You slice the sun demon!!
You kill the sun demon!
Okawaru accepts your kill.
You hit the sun demon. You block the sun demon's attack. x2
You slice the sun demon!!
You kill the sun demon!
Okawaru accepts your kill.
You hit the sun demon. You block the sun demon's attack.
You hit the sun demon but do no damage.
The sun demon is severely wounded.
You block the sun demon's attack.
You open the sun demon like a pillowcase!!!
You kill the sun demon!
Okawaru accepts your kill.
There is a transporter here.
You enter the transporter and appear at another place.
There is a staircase leading out of the dungeon here.
You have escaped!

....#..#.#.##.≈≈≈≈≈~.~~≈≈...# #.
....#..#.#....~≈≈≈~...~~≈.### ##
....#..#.#.##≈≈≈≈~.©>©.~≈.# #.
....####....#≈≈≈≈~~.⌠.~≈≈.# #.
............#~≈≈≈≈~~~~≈≈≈.# #.
###########.~≈≈≈≈≈≈≈≈≈≈≈~.######.
............≈≈≈~~~≈≈≈≈≈≈.........
.###.#.#####≈≈~.⌠.~≈≈≈≈≈..#######
.#.........#≈~.©@©.~≈≈≈≈..#######
.#.#.#......≈≈~...~~≈≈~.........#
.#.....#####≈≈≈~.~~≈≈≈≈.#######.#
...#........≈≈≈.≈≈≈≈≈≈≈.......#.#
##.#.....##.≈≈≈≈.≈≈≈≈≈.....##.#.#
##.###...##.#~≈≈≈.≈≈≈#..#.....#.#
.........##.#####.......#..#..#.#
.).#.#...##.# #######.#######.#
.........##.# #.........#


There were no monsters in sight!

Vanquished Creatures
  A dread lich (Zot:5)
  4 orbs of fire
  3 ancient liches
  Mara (Arena)
  Margery (Vaults:5)
  Vashnia (Snake:4)
  8 Killer Klowns
  Saint Roka (Vaults:3)
  Frederick (Depths:3)
  Xtahua (Vaults:5)
  7 curse toes
  12 golden dragons
  Jory (Depths:3)
  A bone dragon (Depths:4)
  5 electric golems
  14 tentacled monstrosities
  4 liches
  10 titans
  2 deep elf master archers (Elf:3)
  4 quicksilver dragons
  25 Orb Guardians (Zot:5)
  2 deep elf blademasters (Elf:3)
  An Executioner (Depths:2)
  5 sphinxes
  3 death cobs
  4 thorn hunters (Swamp:4)
  Kirke (Elf:1)
  4 nagarajas
  9 shadow dragons
  11 storm dragons
  5 draconian monks
  9 tengu reavers
  12 frost giants
  Donald (Swamp:3)
  9 fire giants
  2 iron dragons
  3 draconian scorchers (Zot:4)
  7 deep elf sorcerers
  2 draconian knights
  A balrug (D:1)
  19 vault wardens
  2 ghost moths
  2 orc warlords
  7 draconian shifters
  Aizul (Snake:1)
  3 deep elf elementalists (Elf:3)
  The ghost of PanSaczeczos the Fighter, a journeyman HuBe of Trog (Lair:5)
  3 draconian stormcallers
  4 draconian annihilators
  A reaper (Depths:2)
  37 very ugly things
  16 stone giants
  2 war gargoyles
  4 vampire knights
  8 ironbound thunderhulks
  27 ironbound preservers
  Azrael (D:15)
  9 black draconians
  2 eleionomae
  A lorocyproca (Depths:3)
  A bunyip (Swamp:2)
  12 yellow draconians
  9 green draconians
  8 deep elf demonologists
  Nessos (Lair:5)
  7 purple draconians
  3 entropy weavers
  6 deep elf annihilators
  The ghost of anonim the Blinker, a journeyman FeCj of Vehumet (Snake:3)
  13 dire elephants
  8 spark wasps
  9 red draconians
  13 white draconians
  2 crystal guardians (Vaults:3)
  8 ettins
  2 green deaths
  2 jiangshi (Depths:4)
  2 fire dragons
  A shambling mangrove (Swamp:4)
  18 yaktaur captains
  6 deep elf death magi (Elf:3)
  A fire dragon (shapeshifter) (Vaults:5)
  5 great orbs of eyes
  5 rakshasas
  4 deep elf high priests
  A juggernaut simulacrum (Depths:3)
  5 salamander tyrants
  33 vault guards
  2 peacekeepers
  2 ghost crabs (Swamp:3)
  3 spriggan air magi
  8 ice dragons
  A great orb of eyes (shapeshifter) (Vaults:5)
  6 boulder beetles
  9 ironbound frosthearts
  3 ogre magi (Vaults:5)
  18 centaur warriors
  A hell beast (Depths:1)
  23 hydras
  8 anacondas
  Erica (D:7)
  4 two-headed ogres
  The ghost of mtoz the Protected, a novice MiFi of Okawaru (Lair:1)
  11 alligators
  17 naga warriors
  6 death yaks
  4 deep troll shamans
  3 tengu warriors
  2 orc high priests
  6 spriggan berserkers
  25 dancing weapons
  5 deep troll earth magi
  17 hell knights
  20 naga sharpshooters
  6 sun demons
  4 shock serpents
  3 vampire magi
  21 deep elf knights
  4 iron trolls
  2 sixfirhies
  5 goliath frogs
  8 spriggan druids
  5 salamander mystics
  A death drake (shapeshifter) (Vaults:5)
  8 bog bodies
  3 glowing orange brains
  66 deep trolls
  9 swamp dragons
  3 lindwurms
  14 deep elf archers
  An obsidian statue (D:9)
  A spectral hydra (Swamp:4)
  Pikel (D:7)
  9 naga ritualists
  9 necromancers
  3 flayed ghosts
  12 wizards
  18 ironbound convokers
  7 orc knights
  23 deep elf zephyrmancers
  9 phantasmal warriors
  31 deep elf pyromancers
  9 mana vipers
  A harpy (Vaults:1)
  An iron dragon zombie (Depths:3)
  3 orc sorcerers
  3 oklob plants (Swamp:4)
  A manticore (shapeshifter) (Elf:2)
  3 cyclopes
  4 will-o-the-wisps
  43 ugly things
  A shadow dragon skeleton (Depths:3)
  15 salamanders
  A stone giant zombie (Depths:1)
  24 moths of wrath
  3 manticores
  A black mamba (shapeshifter) (Elf:3)
  An ice statue (IceCv)
  A fire giant skeleton (Depths:3)
  A water nymph (shapeshifter) (Elf:3)
  12 elephants (Lair:4)
  4 guardian serpents
  27 black mambas
  A smoke demon (Depths:3)
  11 vault sentinels
  29 naga magi
  2 gargoyles
  9 komodo dragons
  7 rime drakes
  24 cane toads
  2 unseen horrors (D:11)
  A freezing wraith (Vaults:5)
  A hellion (Depths:1)
  2 tengu conjurers
  An efreet (D:13)
  38 yaktaurs
  A komodo dragon (shapeshifter) (Vaults:5)
  A golden dragon simulacrum (Depths:3)
  A red devil (Depths:2)
  11 trolls
  2 hydra zombies (Swamp:4)
  An ice devil (Depths:2)
  A queen bee (Lair:1)
  2 death drake zombies (Swamp:4)
  15 hornets
  2 hornets (shapeshifter) (D:13)
  13 polar bears
  22 blink frogs
  A death drake skeleton (Swamp:4)
  6 dream sheep (Lair:4)
  A dream sheep (shapeshifter) (Vaults:4)
  21 slime creatures
  12 tyrant leeches
  An ettin zombie (Depths:1)
  A slime creature (shapeshifter) (Vaults:5)
  A snapping turtle (shapeshifter) (Vaults:5)
  A hydra skeleton (Swamp:4)
  A vampire (D:11)
  4 wraiths
  3 shadows
  8 water elementals
  5 air elementals
  6 fire elementals
  2 humans (Elf:1)
  14 spriggans
  58 yaks
  5 wyverns
  Grum (Bailey)
  5 hogs (Elf:1)
  A basilisk (shapeshifter) (Depths:2)
  8 basilisks
  A neqoxec (Depths:3)
  A redback (shapeshifter) (Vaults:5)
  A chaos spawn (Depths:2)
  7 vampire mosquitoes
  A steam dragon (Lair:2)
  3 redbacks (Vaults:3)
  4 wargs
  A swamp worm (shapeshifter) (Depths:4)
  55 nagas
  2 hell hounds (D:15)
  19 swamp worms
  32 water moccasins
  5 hydra simulacra (Swamp:4)
  37 orc warriors
  A floating eye (Depths:2)
  A floating eye (shapeshifter) (Depths:2)
  A sky beast (D:7)
  3 swamp drakes (Swamp:4)
  5 boggarts (D:14)
  A swamp dragon zombie (Swamp:4)
  2 black bears
  6 ogres
  31 wolves
  22 centaurs
  A lemure (D:7)
  2 kobold brigands
  A necrophage (D:5)
  9 gnoll sergeants
  21 bullfrogs
  2 scorpions
  3 earth elementals (Elf:1)
  15 killer bees
  3 electric eels
  5 howler monkeys
  5 hounds
  2 jellies
  10 orc priests
  8 gnoll boudas
  3 iguanas
  12 orc wizards
  42 gnolls
  4 adders
  13 white imps
  An ufetubus (D:5)
  2 worms
  2 dart slugs (D:2)
  57 orcs
  9 ball pythons
  5 bats
  12 endoplasms
  A giant cockroach (D:2)
  8 goblins
  9 hobgoblins
  2 jackals (D:1)
  2 quokkas (D:1)
  3 frilled lizards
  17 kobolds
  5 rats
  10 briar patches (Swamp:4)
2099 creatures vanquished.

Vanquished Creatures (others)
  A deep elf knight (Elf:1)
  A deep elf pyromancer (Elf:1)
  A deep elf zephyrmancer (Elf:2)
  3 bloated husks (Swamp:1)
  A naga (Snake:3)
  6 briar patches (Swamp:4)
  23 foxfires
  18 fungi
  109 plants
  4 toadstools (D:4)
167 creatures vanquished.

Grand Total: 2266 creatures vanquished

Notes
Turn   | Place    | Note
-------+----------+-------------------------------------------
     0 | D:1      | Mgcat the Hill Orc Fighter began the quest for the Orb.
     0 | D:1      | Reached XP level 1. HP: 19/19 MP: 1/1
    94 | D:1      | Reached skill level 3 in Axes
   214 | D:1      | Reached XP level 2. HP: 27/27 MP: 2/2
  1000 | D:2      | Reached XP level 3. HP: 29/33 MP: 3/3
  1018 | D:2      | Reached skill level 4 in Fighting
  1065 | D:2      | Found a faded altar of an unknown god.
  1095 | D:2      | Reached skill level 4 in Axes
  1098 | D:2      | Reached XP level 4. HP: 40/40 MP: 4/4
  1644 | D:3      | Reached skill level 4 in Shields
  1790 | D:3      | Found a broken altar of Ashenzari.
  1878 | D:3      | Reached skill level 4 in Armour
  1878 | D:3      | Reached XP level 5. HP: 24/47 MP: 5/5
  1983 | D:3      | Found a faded altar of an unknown god.
  1986 | D:3      | Found a blossoming altar of Fedhas.
  2345 | D:4      | Found a staircase to the Ecumenical Temple.
  2362 | Temple   | Entered the Ecumenical Temple
  2479 | Temple   | Became a worshipper of Warmaster Okawaru
  2528 | D:4      | Reached skill level 5 in Axes
  2648 | D:4      | Noticed a black bear
  2658 | D:4      | Killed a black bear
  2659 | D:4      | Reached skill level 1 in Invocations
  2659 | D:4      | Reached XP level 6. HP: 40/53 MP: 5/7
  2875 | D:4      | Found Bualoloph's Jewellery Shoppe.
  3425 | D:5      | Entered Level 5 of the Dungeon
  3561 | D:5      | Reached * piety under Okawaru
  3665 | D:5      | Reached skill level 2 in Invocations
  3690 | D:5      | Reached skill level 5 in Fighting
  3690 | D:5      | Reached skill level 6 in Axes
  3740 | D:5      | Reached XP level 7. HP: 60/61 MP: 8/8
  3944 | D:5      | Reached skill level 5 in Shields
  4120 | D:5      | Gained mutation: You have a somewhat thin skeletal
                  | structure. (Dex +2, Stealth+) [potion of mutation]
  4120 | D:5      | Gained mutation: You possess an exceptional clarity of
                  | mind. [potion of mutation]
  4233 | D:6      | Reached skill level 3 in Invocations
  4248 | D:6      | Reached skill level 7 in Axes
  4252 | D:6      | Reached skill level 5 in Armour
  4254 | D:6      | Reached ** piety under Okawaru
  4292 | D:6      | Reached XP level 8. HP: 70/70 MP: 10/10
  5005 | D:6      | Reached skill level 6 in Fighting
  5005 | D:6      | Reached skill level 4 in Invocations
  5032 | D:7      | Reached skill level 8 in Axes
  5171 | D:7      | Reached skill level 6 in Shields
  5182 | D:7      | Reached skill level 9 in Axes
  5182 | D:7      | Reached skill level 6 in Armour
  5182 | D:7      | Reached skill level 5 in Invocations
  5182 | D:7      | Reached XP level 9. HP: 69/78 MP: 12/12
  5275 | D:7      | Reached *** piety under Okawaru
  5547 | D:8      | Noticed Pikel
  5564 | D:7      | HP: 5/78 [Pikel/+2 whip of electrocution (17)]
  5569 | D:7      | Killed Pikel
  5570 | D:7      | Reached skill level 7 in Fighting
  5619 | D:8      | Found a shadowy altar of Dithmenos.
  5631 | D:8      | Noticed Erica
  5705 | D:7      | Reached skill level 10 in Axes
  5762 | D:7      | Killed Erica
  5762 | D:7      | Reached **** piety under Okawaru
  5763 | D:7      | Reached skill level 7 in Shields
  5763 | D:7      | Reached skill level 6 in Invocations
  5913 | D:8      | Reached skill level 7 in Armour
  6146 | D:8      | Found a white marble altar of Elyvilon.
  6149 | D:8      | Found a burning altar of Makhleb.
  6153 | D:8      | Found a shimmering altar of Xom.
  6222 | D:8      | Found a flagged portal.
  6230 | D:8      | Reached XP level 10. HP: 86/86 MP: 14/14
  6235 | Bailey   | Entered a bailey
  6282 | Bailey   | Reached skill level 11 in Axes
  6387 | Bailey   | Reached skill level 7 in Invocations
  6398 | Bailey   | Reached ***** piety under Okawaru
  6404 | Bailey   | HP: 14/88 [gnoll sergeant/+0 glaive (15)]
  6410 | Bailey   | Reached skill level 8 in Fighting
  6557 | Bailey   | Noticed Grum
  6591 | Bailey   | HP: 13/88 [Grum/-2 halberd (21)]
  6592 | Bailey   | Killed Grum
  7161 | D:9      | Found an ornate altar of the Wu Jian Council.
  7275 | D:9      | Reached skill level 12 in Axes
  7310 | D:9      | Reached skill level 8 in Shields
  7310 | D:9      | Reached skill level 8 in Invocations
  7493 | D:9      | Noticed an obsidian statue
  7604 | D:9      | Noticed a sun demon
  7608 | D:9      | HP: 17/89 [sun demon[an obsidian statue] (10)]
  7617 | D:9      | Killed an obsidian statue
  7618 | D:9      | Reached skill level 8 in Armour
  7727 | D:10     | Entered Level 10 of the Dungeon
  7880 | D:10     | Reached XP level 11. HP: 93/95 MP: 17/17
  7890 | D:10     | Reached skill level 9 in Fighting
  7899 | D:10     | Received a gift from Okawaru
  7900 | D:10     | Reached skill level 13 in Axes
  8028 | D:10     | Found a staircase to the Lair.
  8152 | D:10     | Found a glowing golden altar of the Shining One.
  8315 | D:10     | Noticed a two-headed ogre
  8328 | D:10     | Killed a two-headed ogre
  8329 | D:10     | Reached skill level 9 in Invocations
  8456 | D:10     | Found a bloodstained altar of Trog.
  8627 | D:10     | Identified the +12 arbalest "Zyottif" {freeze, Contam rPois
                  | rC++ MP+9}
  8817 | D:10     | Found a snail-covered altar of Cheibriados.
  9051 | D:11     | HP: 22/97 [gargoyle/+0 morningstar (17)]
  9056 | D:11     | HP: 19/97 [troll (10)]
  9057 | D:11     | HP: 3/97 [troll (12)]
  9059 | D:11     | Reached skill level 9 in Shields
  9062 | D:11     | Reached skill level 14 in Axes
  9148 | D:11     | Reached skill level 9 in Armour
  9250 | Lair:1   | Entered Level 1 of the Lair of Beasts
  9601 | Lair:1   | Reached skill level 10 in Fighting
  9601 | Lair:1   | Reached XP level 12. HP: 83/106 MP: 19/19
  9941 | Lair:1   | Noticed mtoz's ghost (novice MiFi)
  9945 | Lair:1   | Found a transporter.
  9945 | Lair:1   | Found a transporter.
  9994 | Lair:1   | Identified the +3 long sword of Sudden Death {vorpal, rF+
                  | rCorr}
 10262 | Lair:2   | Reached skill level 10 in Invocations
 10347 | Lair:2   | Identified the +6 sling of Karma {speed, Str+5 Stlth-}
 10371 | Lair:2   | Identified the +8 chain mail of Pesoseca {rElec rN+}
                  | (Okawaru gifted it to you on level 2 of the Lair of Beasts)
 10371 | Lair:2   | Received a gift from Okawaru
 11001 | Lair:2   | Reached skill level 15 in Axes
 11014 | Lair:2   | Reached skill level 1 in Ranged Weapons
 11049 | Lair:2   | Found a staircase to the Snake Pit.
 11117 | Lair:2   | Reached skill level 2 in Ranged Weapons
 11429 | Lair:2   | Found a staircase to the Swamp.
 11677 | Lair:3   | Identified the +1 robe of the Fuzzy Wumpus {Will+ Str+6
                  | Int-2}
 11707 | Lair:3   | Reached skill level 3 in Ranged Weapons
 11709 | Lair:3   | Reached skill level 10 in Shields
 11898 | Lair:3   | Noticed a death yak
 11899 | Lair:3   | Noticed a death yak
 11930 | Lair:2   | Reached skill level 10 in Armour
 11948 | Lair:2   | Killed a death yak
 11974 | Lair:3   | Noticed a death yak
 11975 | Lair:3   | Noticed a death yak
 11995 | Lair:2   | Killed a death yak
 11996 | Lair:2   | Reached skill level 11 in Fighting
 12029 | Lair:2   | Killed a death yak
 12030 | Lair:2   | Reached skill level 11 in Invocations
 12043 | Lair:2   | Killed a death yak
 12044 | Lair:2   | Reached skill level 16 in Axes
 12044 | Lair:2   | Reached skill level 4 in Ranged Weapons
 12044 | Lair:2   | Reached XP level 13. HP: 85/116 MP: 21/21
 12095 | Lair:3   | HP: 19/116 [komodo dragon (18)]
 12246 | Lair:3   | Reached ****** piety under Okawaru
 12488 | Lair:3   | Identified the +1 leather armour "Zoawu" {rCorr}
 12678 | Lair:4   | Received a gift from Okawaru
 12753 | Lair:4   | Reached skill level 5 in Ranged Weapons
 13425 | Lair:4   | Reached skill level 17 in Axes
 13431 | Lair:4   | Received a gift from Okawaru
 13435 | Lair:4   | Reached skill level 6 in Ranged Weapons
 13582 | Lair:4   | Reached skill level 12 in Invocations
 13609 | Lair:4   | Reached skill level 11 in Shields
 14324 | Lair:5   | Entered Level 5 of the Lair of Beasts
 14332 | Lair:5   | Reached skill level 11 in Armour
 14355 | Lair:5   | Reached skill level 12 in Fighting
 14397 | Lair:5   | Reached XP level 14. HP: 98/126 MP: 23/23
 14427 | Lair:5   | Reached skill level 7 in Ranged Weapons
 14581 | Lair:5   | Received a gift from Okawaru
 14661 | Lair:5   | Received a gift from Okawaru
 14750 | Lair:5   | Reached skill level 18 in Axes
 14999 | Lair:5   | Noticed Nessos
 15102 | Lair:5   | Found a runed translucent door.
 15112 | Lair:5   | Noticed PanSaczeczos's ghost (journeyman HuBe)
 15242 | Lair:5   | Found a viscous altar of Jiyva.
 15242 | Lair:5   | Found a staircase to the Slime Pits.
 15360 | Lair:5   | Killed Nessos
 15778 | Lair:5   | Found a viscous altar of Jiyva.
 15778 | Lair:5   | Found a staircase to the Slime Pits.
 16028 | Lair:5   | Reached skill level 8 in Ranged Weapons
 16296 | Lair:5   | Killed PanSaczeczos's ghost
 16667 | Lair:1   | Killed mtoz's ghost
 16667 | Lair:1   | Received a gift from Okawaru
 16843 | D:11     | Identified the +1 cloak of Orthodoxy {Contam rCorr Str+6}
                  | (Okawaru gifted it to you on level 11 of the Dungeon)
 16843 | D:11     | Received a gift from Okawaru
 17017 | D:11     | Reached skill level 12 in Shields
 17024 | D:11     | Identified the +8 flail of Desertification {vorpal, rElec
                  | rPois Will+ Int+3}
 17367 | D:11     | Reached skill level 13 in Fighting
 17471 | D:11     | Reached skill level 12 in Armour
 17525 | D:11     | Reached skill level 19 in Axes
 18024 | D:12     | Found a staircase to the Orcish Mines.
 18366 | Orc:1    | Entered Level 1 of the Orcish Mines
 18472 | Orc:1    | Found Gur Wigh's General Store.
 18481 | Orc:1    | Bought a scroll of magic mapping for 105 gold pieces
 18481 | Orc:1    | Bought a potion of heal wounds for 70 gold pieces
 18481 | Orc:1    | Bought a potion of berserk rage for 70 gold pieces
 18489 | Orc:1    | Identified a scroll of acquirement
 18490 | Orc:1    | Acquired 830 gold pieces
 18602 | Orc:1    | Reached XP level 15. HP: 125/135 MP: 21/24
 18607 | Orc:1    | Reached skill level 9 in Ranged Weapons
 18799 | Orc:2    | Entered Level 2 of the Orcish Mines
 18933 | Orc:2    | Found a staircase to the Elven Halls.
 18995 | Orc:2    | Found a roughly hewn altar of Beogh.
 19242 | Orc:2    | Found Popteyh's Antique Weapon Shop.
 19242 | Orc:2    | Found Icape's Weapon Shoppe.
 19244 | Orc:2    | Found Zucekuh's Jewellery Emporium.
 19246 | Orc:2    | Found Abbelur's Armour Boutique.
 19258 | Orc:2    | Bought the +6 kite shield of Liciedemp {rF+} for 727 gold
                  | pieces
 19452 | Orc:1    | Reached skill level 13 in Shields
 19641 | D:13     | Found a frozen archway.
 19665 | IceCv    | Entered an ice cave
 19761 | IceCv    | Identified the +4 dagger of Inconvenience {vorpal, Will+
                  | Str+3 Int-4 SInv}
 20017 | IceCv    | Received a gift from Okawaru
 20076 | IceCv    | Reached skill level 1 in Dodging
 20224 | IceCv    | Reached skill level 20 in Axes
 20224 | IceCv    | Reached skill level 10 in Ranged Weapons
 20294 | IceCv    | Found the +8 frozen axe "Frostbite" {freezing cloud, *Noise
                  | Fly rC+}
 20333 | IceCv    | Acquired 504 gold pieces
 20532 | D:13     | Found a portal to a secret trove of treasure.
 20981 | D:14     | Found a white marble altar of Elyvilon.
 21057 | D:14     | Found a gate to the Vaults.
 21089 | D:14     | Reached skill level 2 in Dodging
 21116 | D:14     | Identified the +5 quarterstaff "Vukk" {freeze, Int+4}
 22135 | D:15     | Entered Level 15 of the Dungeon
 22159 | D:15     | Identified the +5 short sword of Ilazuva Noev {flame, rN+
                  | Str-2 Int+7}
 22209 | D:15     | Reached skill level 14 in Fighting
 22218 | D:15     | Noticed Azrael
 22219 | D:15     | Reached skill level 14 in Shields
 22286 | D:15     | Killed Azrael
 22286 | D:15     | Identified the +6 quarterstaff of Okawaru's Esteem
                  | {antimagic, Will- rCorr Stlth+} (Okawaru gifted it to you
                  | on level 15 of the Dungeon)
 22286 | D:15     | Received a gift from Okawaru
 22336 | D:15     | Reached XP level 16. HP: 113/146 MP: 25/25
 22378 | D:15     | Reached skill level 13 in Armour
 22499 | D:15     | Reached skill level 3 in Dodging
 22530 | D:15     | Identified the +8 flail of Infinite Pain {vorpal, Dex+7}
 22775 | D:15     | Found a staircase to the Depths.
 22968 | Snake:1  | Entered Level 1 of the Snake Pit
 22982 | Snake:1  | Reached skill level 11 in Ranged Weapons
 22997 | Snake:1  | Received a gift from Okawaru
 23530 | Snake:1  | Reached skill level 21 in Axes
 23677 | Snake:1  | Noticed Aizul
 23697 | Snake:1  | Killed Aizul
 24015 | Snake:2  | Reached skill level 1 in Evocations
 24311 | Snake:2  | Reached skill level 2 in Evocations
 24378 | Snake:2  | Reached skill level 15 in Shields
 24546 | Snake:2  | Reached skill level 4 in Dodging
 24874 | Orc:2    | Bought the ring "Hiwaq" {Wiz Will+ SInv} for 608 gold
                  | pieces
 25648 | Snake:3  | Noticed a nagaraja
 25654 | Snake:3  | Killed a nagaraja
 25712 | Snake:3  | Received a gift from Okawaru
 25757 | Snake:3  | Noticed anonim's ghost (journeyman FeCj)
 25847 | Snake:3  | Found a runed translucent door.
 25937 | Snake:3  | Reached skill level 3 in Evocations
 25955 | Snake:3  | Noticed a nagaraja
 25969 | Snake:3  | Killed a nagaraja
 25970 | Snake:3  | Reached XP level 17. HP: 112/154 MP: 26/26
 26051 | Snake:3  | Reached skill level 12 in Ranged Weapons
 26176 | Snake:3  | Reached skill level 15 in Fighting
 26180 | Snake:3  | HP: 38/156 [naga mage/+0 halberd (15)]
 26184 | Snake:3  | HP: 18/156 [poisoned by a naga mage (bolt of poison)]
 26686 | Snake:3  | Reached skill level 22 in Axes
 26867 | Snake:3  | Killed anonim's ghost
 27545 | Swamp:1  | Entered Level 1 of the Swamp
 27820 | Orc:2    | Bought a glowing hand axe for 138 gold pieces
 28050 | Swamp:1  | Reached skill level 4 in Evocations
 28262 | Swamp:1  | Reached skill level 5 in Dodging
 28411 | Swamp:1  | Received a gift from Okawaru
 28419 | Swamp:1  | Reached skill level 14 in Armour
 28419 | Swamp:1  | Reached skill level 16 in Shields
 29612 | Swamp:3  | Noticed Donald
 29624 | Swamp:3  | Killed Donald
 29624 | Swamp:3  | Identified the +0 pair of gloves "Qourrapef" {Str+3 Int-2
                  | Dex+3} (Okawaru gifted it to you on level 3 of the Swamp)
 29624 | Swamp:3  | Received a gift from Okawaru
 29682 | Swamp:3  | Reached skill level 5 in Evocations
 30327 | Snake:4  | Entered Level 4 of the Snake Pit
 30334 | Snake:4  | Reached XP level 18. HP: 150/163 MP: 27/27
 31065 | Snake:4  | Reached skill level 6 in Dodging
 31237 | Snake:4  | Reached skill level 23 in Axes
 32089 | Snake:4  | Received a gift from Okawaru
 32090 | Snake:4  | Reached skill level 17 in Shields
 32114 | Snake:4  | Noticed Vashnia
 32137 | Snake:4  | Reached skill level 6 in Evocations
 32156 | Snake:4  | Killed Vashnia
 32234 | Snake:4  | Got a serpentine rune of Zot
 32579 | Swamp:4  | Entered Level 4 of the Swamp
 32589 | Swamp:4  | Reached skill level 16 in Fighting
 32706 | Swamp:4  | Noticed Mara
 32712 | Arena    | Entered the Arena
 32715 | Arena    | Noticed Mgcat's illusion
 32720 | Arena    | Killed Mara
 32721 | Arena    | Reached skill level 13 in Ranged Weapons
 33064 | Swamp:4  | Noticed a tentacled monstrosity
 33080 | Swamp:4  | Killed a tentacled monstrosity
 33109 | Swamp:4  | Reached XP level 19. HP: 172/172 MP: 28/28
 33515 | Swamp:4  | Reached skill level 15 in Armour
 33557 | Swamp:4  | Found a blossoming altar of Fedhas.
 33715 | Swamp:4  | Found a basalt altar of Yredelemnul.
 33801 | Swamp:4  | Identified the +3 shortbow of the Blushing Priest {flame,
                  | rElec rF- Int+4} (Okawaru gifted it to you on level 4 of
                  | the Swamp)
 33801 | Swamp:4  | Received a gift from Okawaru
 34065 | Swamp:4  | Reached skill level 7 in Dodging
 34079 | Swamp:4  | Got a decaying rune of Zot
 34382 | Elf:1    | Entered Level 1 of the Elven Halls
 34400 | Elf:1    | Reached skill level 24 in Axes
 34435 | Elf:1    | Reached skill level 7 in Evocations
 34635 | Elf:1    | Noticed Kirke
 34654 | Elf:1    | Killed Kirke
 34784 | Elf:1    | Identified the +3 hand crossbow "Gucaid" {speed, rC++
                  | Str-3} (Okawaru gifted it to you on level 1 of the Elven
                  | Halls)
 34784 | Elf:1    | Received a gift from Okawaru
 34796 | Elf:1    | Reached skill level 18 in Shields
 35143 | Elf:1    | Found Toowk's Armour Boutique.
 35432 | Elf:1    | Noticed a Hell Sentinel
 35433 | Elf:1    | Lost mutation: You possess an exceptional clarity of mind.
                  | [a cacodemon]
 35543 | Elf:2    | Paralysed by an air elemental for 1 turns
 35669 | Elf:2    | Found Iptuid's Armour Shoppe.
 35713 | Elf:2    | Identified the +2 plate armour of the Impish God {Harm
                  | rElec} (Okawaru gifted it to you on level 2 of the Elven
                  | Halls)
 35713 | Elf:2    | Received a gift from Okawaru
 35778 | Elf:2    | Found a runed translucent gate.
 35779 | Elf:2    | Found a runed translucent gate.
 35779 | Elf:2    | Found a runed translucent gate.
 36111 | Elf:2    | Reached XP level 20. HP: 183/183 MP: 29/29
 36351 | Elf:3    | Entered Level 3 of the Elven Halls
 36408 | Elf:3    | Reached skill level 17 in Fighting
 36427 | Elf:3    | Reached skill level 8 in Evocations
 36533 | Elf:3    | Found Vuurgha's Distillery.
 36583 | Abyss:3  | Cast into level 3 of the Abyss (a deep elf demonologist)
 36614 | Elf:3    | Escaped the Abyss
 36664 | Elf:3    | Reached skill level 25 in Axes
 36686 | Elf:3    | Reached skill level 8 in Dodging
 36689 | Elf:3    | Identified the amulet "Hubbue" {Acrobat Will+ MP+9}
 36722 | Elf:3    | Identified the +4 hand axe of Greed {freeze, Int-4 Dex+6}
                  | (Okawaru gifted it to you on level 3 of the Elven Halls)
 36722 | Elf:3    | Received a gift from Okawaru
 36878 | Elf:3    | Identified the amulet "Xocs" {Acrobat rElec rN+}
 36941 | Elf:3    | Got the Vademecum on Gathered Curses
 36954 | Elf:3    | Identified the ring of the Histrionic God {rF+ rC+ rCorr
                  | Str+7 Int-2}
 36971 | Elf:3    | Identified the +1 crystal plate armour of Experimentation
                  | {+Inv rC+ Dex-3}
 36989 | Elf:3    | Identified the +5 bardiche "Dosog" {freeze, rElec Dex+4}
 36991 | Elf:3    | Identified the +11 spear "Concordance" {holy, *Slow rC+
                  | rN++ Will+}
 36992 | Elf:3    | Identified the amulet of Fun {Reflect rPois Dex+4 SH+5}
 37042 | Elf:3    | Identified the +9 mace of Bequeathed Valour {elec, rElec
                  | Will- Str+3 Int-4}
 37868 | Vaults:1 | Entered Level 1 of the Vaults
 37874 | Vaults:1 | Reached skill level 14 in Ranged Weapons
 37990 | Vaults:1 | Reached skill level 16 in Armour
 38441 | Vaults:1 | Received a gift from Okawaru
 38628 | Vaults:1 | Reached skill level 9 in Evocations
 38798 | Vaults:1 | Reached XP level 21. HP: 192/192 MP: 30/30
 38877 | Vaults:1 | Found Faydafi's General Store.
 38900 | Vaults:1 | Bought 3 scrolls of blinking for 382 gold pieces
 38900 | Vaults:1 | Bought a scroll of enchant weapon for 127 gold pieces
 38934 | Vaults:1 | Found Tarchikh's Magic Scroll Emporium.
 38942 | Vaults:1 | Bought a scroll of enchant armour for 105 gold pieces
 39053 | Vaults:1 | Found Asikorpha's Weapon Boutique.
 39122 | Vaults:1 | Found Pah Evui's Book Boutique.
 39125 | Vaults:1 | Found Turetz's Armour Emporium.
 39603 | Vaults:2 | Found Xucy's Antique Weapon Shop.
 39799 | Vaults:2 | Received a gift from Okawaru
 39858 | Vaults:2 | Reached skill level 26 in Axes
 40023 | Vaults:2 | Found a staircase to the Crypt.
 40565 | Vaults:2 | Reached skill level 19 in Shields
 40630 | Vaults:2 | Reached skill level 9 in Dodging
 41248 | Vaults:3 | Identified the +1 hat "Vaib" {rPois rN+ Str+6} (Okawaru
                  | gifted it to you on level 3 of the Vaults)
 41248 | Vaults:3 | Received a gift from Okawaru
 41249 | Vaults:3 | Reached skill level 18 in Fighting
 42100 | Vaults:3 | Reached skill level 10 in Evocations
 42236 | Vaults:3 | Reached XP level 22. HP: 91/202 MP: 31/31
 42925 | Vaults:3 | Noticed Saint Roka
 42950 | Vaults:3 | Killed Saint Roka
 43367 | Vaults:4 | Identified the +0 helmet of Happy Babbling {Int-4 Dex+4}
                  | (Okawaru gifted it to you on level 4 of the Vaults)
 43367 | Vaults:4 | Received a gift from Okawaru
 43595 | Vaults:4 | Reached skill level 17 in Armour
 44177 | Vaults:4 | Reached skill level 27 in Axes
 44785 | Vaults:4 | Found Ytryarph's Antique Armour Emporium.
 44790 | Vaults:4 | Bought a polished plate armour for 1064 gold pieces
 44790 | Vaults:4 | Identified the +12 plate armour of the First Xenops {Str+2}
                  | (You bought it in a shop on level 4 of the Vaults)
 44790 | Vaults:4 | Bought a dazzling tower shield for 361 gold pieces
 44790 | Vaults:4 | Identified the +0 tower shield of Pathos {*Slow rPois rC++
                  | Dex-3} (You bought it in a shop on level 4 of the Vaults)
 45052 | Vaults:4 | Reached skill level 15 in Ranged Weapons
 45875 | Depths:1 | Entered Level 1 of the Depths
 45876 | Depths:1 | Found a gateway to Hell.
 45960 | Depths:1 | Found a runed translucent gate.
 45960 | Depths:1 | Found a runed translucent gate.
 45960 | Depths:1 | Found a runed translucent gate.
 45960 | Depths:1 | Noticed xzight's ghost (legendary MiBe)
 45985 | Depths:1 | Found a basalt altar of Yredelemnul.
 46437 | Depths:1 | Found Mamean Miaje's Jewellery Shoppe.
 46457 | Depths:1 | Reached skill level 10 in Dodging
 47247 | Depths:1 | Received a gift from Okawaru
 47258 | Depths:1 | Reached skill level 11 in Evocations
 47274 | Depths:1 | Identified the +5 hand axe "Ogrebane" {drain, rF++ Will+
                  | rCorr Str-5} (Okawaru gifted it to you on level 1 of the
                  | Depths)
 47274 | Depths:1 | Received a gift from Okawaru
 47604 | Depths:2 | Reached skill level 19 in Fighting
 47779 | Depths:2 | Reached XP level 23. HP: 207/213 MP: 32/32
 47873 | Depths:2 | Found a one-way gate leading to the halls of Pandemonium.
 48210 | Depths:2 | Received a gift from Okawaru
 48420 | Depths:2 | Reached skill level 20 in Shields
 49040 | D:13     | You paid a toll of 5 scrolls of fear to enter a treasure
                  | trove
 49041 | Trove    | Entered a treasure trove
 49048 | Trove    | Identified the ring "Jaxam" {Ice Int+2 Dex+2 SInv}
 49050 | Trove    | Identified the +9 tower shield of Marbles {rElec}
 49054 | Trove    | Identified the amulet "Gizij" {Faith Str+4}
 49056 | Trove    | Identified the ring of Descent {rPois rF+ rN+}
 49062 | Trove    | Identified the ring "Tegguc" {rElec rPois rF+ MP+9}
 49064 | Trove    | Identified the ring of Paranoia {rF+ rN+ Will+ Slay+2}
 49500 | Depths:3 | Noticed Frederick
 49516 | Depths:3 | Killed Frederick
 49667 | Depths:3 | Reached skill level 18 in Armour
 49668 | Depths:3 | Received a gift from Okawaru
 49933 | Depths:3 | Found a one-way gateway to a ziggurat.
 49933 | Depths:3 | Noticed a dread lich
 49951 | Depths:3 | HP: 50/213 [???[a dread lich] (31)]
 50352 | Depths:3 | Noticed Jory
 50365 | Depths:3 | Killed Jory
 50630 | Depths:3 | Noticed a golden dragon
 50637 | Depths:3 | Reached skill level 12 in Evocations
 50639 | Depths:3 | Killed a golden dragon
 50968 | Depths:3 | Identified the +4 quarterstaff "Maanauq" {vorpal, Drain
                  | Str+6}
 50974 | Depths:3 | Acquired 1022 gold pieces
 51070 | Depths:3 | Received a gift from Okawaru
 51180 | Depths:3 | Found a one-way gate to the infinite horrors of the Abyss.
 51295 | Depths:3 | Reached skill level 11 in Dodging
 51514 | Depths:3 | Found a sparkling altar of Nemelex Xobeh.
 52025 | Depths:4 | Entered Level 4 of the Depths
 52033 | Depths:4 | Noticed a golden dragon
 52052 | Depths:4 | Killed a golden dragon
 52067 | Depths:4 | Reached XP level 24. HP: 195/223 MP: 32/32
 52197 | Depths:4 | Reached skill level 16 in Ranged Weapons
 52560 | Depths:4 | Reached skill level 20 in Fighting
 53067 | Depths:4 | Found a gate to the Realm of Zot.
 53971 | Elf:3    | Acquired 1032 gold pieces
 54392 | Vaults:5 | Entered Level 5 of the Vaults
 54405 | Vaults:5 | Identified the +4 ice dragon scales of the Abyss {Fly rF-
                  | rC++} (Okawaru gifted it to you on level 5 of the Vaults)
 54405 | Vaults:5 | Received a gift from Okawaru
 54447 | Vaults:5 | Reached skill level 13 in Evocations
 54448 | Vaults:5 | Noticed an ancient lich
 54463 | Vaults:5 | Reached skill level 21 in Shields
 54468 | Vaults:5 | Killed an ancient lich
 54484 | Vaults:5 | Reached skill level 19 in Armour
 54496 | Vaults:5 | Noticed Margery
 54498 | Vaults:5 | Identified the +2 leather armour of Dogma {rCorr Str-4
                  | SInv}
 54863 | Vaults:5 | Killed Margery
 54876 | Vaults:5 | Identified the +3 tower shield of Negation {Will+++ rCorr
                  | Int-5 Dex+3} (Okawaru gifted it to you on level 5 of the
                  | Vaults)
 54876 | Vaults:5 | Received a gift from Okawaru
 54895 | Vaults:5 | Reached XP level 25. HP: 111/233 MP: 32/32
 54899 | Vaults:5 | Reached skill level 12 in Dodging
 55886 | Vaults:5 | Noticed Xtahua
 55896 | Vaults:5 | Killed Xtahua
 55897 | Vaults:5 | Reached skill level 21 in Fighting
 56002 | Vaults:5 | Got a silver rune of Zot
 56177 | Vaults:5 | Found the +12 glaive of Prune {vorpal}
 56214 | Vaults:5 | Identified the ring "Daimm" {*Corrode Fly rElec Int+2}
 56218 | Vaults:5 | Found Lolynn's Armour Boutique.
 56227 | Vaults:5 | Bought the +3 pair of gauntlets of War {Slay+5} for 1045
                  | gold pieces
 56227 | Vaults:5 | Found the +3 pair of gauntlets of War {Slay+5}
 56574 | Vaults:5 | Got Moj Wof's Catalogue of Metamorphosis
 57090 | Vaults:5 | Found Lolynn's Armour Boutique.
 57889 | Zot:1    | Entered Level 1 of the Realm of Zot
 58519 | Zot:1    | Reached skill level 17 in Ranged Weapons
 59035 | Zot:2    | Identified the +1 pair of gloves of the Seven Emperors
                  | {rPois rC++ Str-3 Slay+5} (Okawaru gifted it to you on
                  | level 2 of the Realm of Zot)
 59035 | Zot:2    | Received a gift from Okawaru
 59043 | Zot:2    | Reached skill level 14 in Evocations
 60920 | Zot:3    | Identified the +4 hand axe "Ymigil" {protect, rF+ rN+}
 61050 | Zot:3    | Noticed an orb of fire
 61065 | Zot:3    | Gained mutation: You are clumsy. (Dex -2) [an orb of fire]
 61069 | Zot:3    | Gained mutation: Your spells are a little harder to cast,
                  | but a little more powerful. [an orb of fire]
 61071 | Zot:3    | Killed an orb of fire
 61113 | Zot:3    | Identified the +5 falchion of the Demonic God {flame, rPois
                  | Dex+4}
 61126 | Zot:3    | Found a transporter.
 61127 | Zot:3    | Noticed an ancient lich
 61282 | Zot:3    | Noticed Jofris Vesimp's ghost (legendary GnFE)
 61289 | Zot:3    | Noticed a Killer Klown
 61301 | Zot:3    | Noticed an ancient lich
 61308 | Zot:3    | Reached XP level 26. HP: 225/245 MP: 32/32
 61395 | Zot:3    | Found a transporter.
 61428 | Zot:3    | Identified the ring of Ojyll {*Corrode rPois MP+9 Str+6
                  | Slay+2}
 61476 | Zot:3    | Noticed a Killer Klown
 61478 | Zot:3    | Reached skill level 20 in Armour
 61487 | Zot:3    | Killed a Killer Klown
 61509 | Zot:3    | Reached skill level 22 in Shields
 61735 | Zot:3    | Reached skill level 13 in Dodging
 62028 | Zot:3    | Received a gift from Okawaru
 62505 | Zot:4    | Reached skill level 22 in Fighting
 62905 | Zot:5    | Entered Level 5 of the Realm of Zot
 63093 | Zot:5    | Reached skill level 15 in Evocations
 63655 | Zot:5    | Noticed an ancient lich
 63655 | Zot:5    | Noticed an ancient lich
 63657 | Zot:5    | Noticed an orb of fire
 63661 | Zot:5    | Noticed an orb of fire
 63669 | Zot:5    | Killed an ancient lich
 63673 | Zot:5    | Noticed an orb of fire
 63673 | Zot:5    | Identified the +6 scale mail of the Tuna {rElec Int+3
                  | Dex+2} (Okawaru gifted it to you on level 5 of the Realm of
                  | Zot)
 63673 | Zot:5    | Received a gift from Okawaru
 63678 | Zot:5    | Killed an orb of fire
 63682 | Zot:5    | Killed an ancient lich
 63684 | Zot:5    | Noticed a dread lich
 63684 | Zot:5    | Gained mutation: You are frail. (-10% HP) [an orb of fire]
 63690 | Zot:5    | Killed an orb of fire
 63702 | Zot:5    | Killed a dread lich
 63715 | Zot:5    | Gained mutation: Armour fits poorly on your strangely
                  | shaped body. [an orb of fire]
 63718 | Zot:5    | Killed an orb of fire
 63719 | Zot:5    | Noticed a Killer Klown
 63719 | Zot:5    | Noticed a Killer Klown
 63732 | Zot:5    | Noticed a Killer Klown
 63732 | Zot:5    | Noticed a Killer Klown
 63747 | Zot:5    | Killed a Killer Klown
 63747 | Zot:5    | Noticed a Killer Klown
 63749 | Zot:5    | Killed a Killer Klown
 63751 | Zot:5    | Noticed a Killer Klown
 63754 | Zot:5    | Killed a Killer Klown
 63762 | Zot:5    | Noticed a Killer Klown
 63769 | Zot:5    | Killed a Killer Klown
 63773 | Zot:5    | Killed a Killer Klown
 63779 | Zot:5    | Killed a Killer Klown
 63794 | Zot:5    | Reached XP level 27. HP: 176/230 MP: 32/32
 64010 | Zot:5    | Reached skill level 21 in Armour
 64189 | Zot:5    | Reached skill level 14 in Dodging
 65351 | Zot:5    | Got the Orb of Zot
 65508 | Zot:1    | Noticed Equsyoq the pandemonium lord
 65621 | Depths:1 | Noticed Koxisohi the pandemonium lord
 65629 | Depths:1 | Reached skill level 16 in Evocations
 65751 | D:11     | Noticed Uhotecs the pandemonium lord
 65751 | D:11     | Noticed an ancient lich
 65812 | D:10     | Reached skill level 23 in Shields
 65979 | D:$      | Escaped with the Orb!

Illustrated notes

Levels and vault maps discovered:
D:1:      spicycebolla_arrival_transporter_tutorial, layout_basic,
          grunt_decor_mini_mirrors, kennysheep_pointless_box,
          minmay_pentomino_t4
D:2:      layout_loops_ring, hellmonk_ecumenical_altar_crossroads,
          minmay_bisected
D:3:      layout_basic, lemuel_doored_altar, nicolae_overflow_ecumenical_swirl,
          minmay_misc_feat_encased, minmay_fractal_squares_diagonal_5
D:4:      layout_basic, temple_fountains, serial_shops, nicolae_shop_crystal,
          kennysheep_cross_bottleneck, minmay_gold_behind_fungi
D:5:      layout_basic
D:6:      layout_basic
D:7:      layout_cave_pools
D:8:      layout_rooms, lemuel_crystal_altar, grunt_temple_overflow_diamond,
          lightli_bailey_entry_fortress, uniq_pikel, uniq_erica
D:9:      layout_basic, nicolae_wu_jian_wuxing_cycle, nrook_uturn, minivault_16,
          chequers_serial_rivers_small_a
D:10:     layout_stronghold, bloody_trog, lemuel_coloured_pillars_altar,
          nicolae_tso_swordbearing_angel, minmay_lair_entry_grove,
          minmay_misc_feat_plants
D:11:     layout_basic, minmay_shattered_shrine
D:12:     layout_roguey, orc_0_dummy
D:13:     layout_basic, portal_ice_cave_entry_imps,
          nicolae_trove_entry_crossroad
D:14:     layout_loops_corners, david_vaults_5, serial_rivers,
          chequers_serial_rivers_room_a, chequers_serial_rivers_micro_a,
          chequers_serial_rivers_micro_d, chequers_serial_rivers_micro_a,
          chequers_serial_rivers_micro_d, roderic_serpentine_path,
          elyvilon_altar_5
D:15:     grunt_enter_depths_snipers, layout_cave_pools, abandoned_shop,
          uniq_azrael
Temple:   nicolae_temple_godzebo
Lair:1:   layout_regular_city, gammafunk_ghost_hive
Lair:2:   layout_roguey, nicolae_swamp_entry_splash_gauntlet,
          minmay_snake_entry_six_corridors
Lair:3:   layout_hall_layers, grunt_megastairs_1, lemuel_fruit_tree
Lair:4:   hellmonk_ruined_rings, layout_regular_city,
          nicolae_volcano_entry_vermiform, st_stairs_11,
          amcnicky_mini_pool_medium
Lair:5:   minmay_lair_end_frog_pond, layout_regular_city, slime_entry_1,
          ebering_ghost_reflecting_pool, uniq_nessos
Swamp:1:  layout_basic_swamp, serial_swamp_ruin, evilmike_swamp_ruin_house_5,
          evilmike_swamp_ruin_rubble_2
Swamp:2:  layout_basic_swamp, evilmike_swamp_ruin_rubble_1
Swamp:3:  layout_basic_swamp, evilmike_swamp_ruin_house_3, swamp_pool4,
          uniq_donald
Swamp:4:  byrel_swamp_growth_death_and_undeath, layout_basic_swamp, swamp_pool4,
          uniq_mara
Snake:1:  layout_honeycomb, uniq_aizul
Snake:2:  layout_cave_shapes
Snake:3:  layout_basic, hellmonk_ghost_happy_afterlife
Snake:4:  snake_pit, layout_basic, serial_curves, eino_curves_02,
          eino_curves_02, eino_curves_04, eino_curves_04, uniq_vashnia
Orc:1:    layout_caves, serial_shops, nicolae_diamond_shop,
          nicolae_orc_bridge_out
Orc:2:    st_orc_rangers, layout_caves, basic_altar
Elf:1:    minmay_elf_arrival_summoners, layout_loops_cross, serial_shops, shop,
          evilmike_minifort, uniq_kirke
Elf:2:    nicolae_elf_blades_crystal_corner, layout_rooms, serial_shops,
          nicolae_shop_behind_doors
Elf:3:    grunt_elf_hall_asides, layout_geoelf_octagon, serial_shops,
          nicolae_shop_advertising_works [nicolae_subvault_shop_adworks]
Vaults:1: nicolae_vaults_display_case, ontoclasm_vaults_eye,
          hangedman_vaults_unwind, hangedman_vaults_snaps,
          nicolae_vaults_triangles, vaults_dpeg_hooks, nicolae_vaults_big_ls,
          nicolae_vaults_theta, vaults_room_large_hall, hangedman_vaults_trim,
          ontoclasm_vaults_shuriken, vaults_room_hallway,
          nicolae_vaults_rhombus_6, v_misc_25, vaults_room_fancy_cross,
          ontoclasm_vaults_decontamination, layout_vaults_omnibox, serial_shops,
          nicolae_lakefront_shop, nicolae_shop_trees, nicolae_square_shop,
          nicolae_shop_hallway_plus, shop
Vaults:2: v_misc_17, nicolae_vaults_stairing_the_circle, v_pattern_5,
          nicolae_vaults_ninety_degrees, minmay_crypt_entry_nasty_monster,
          v_misc_14, layout_vaults_omnigrid, serial_shops,
          nicolae_shop_hallway_stairs
Vaults:3: vaults_dpeg_encased_lava, v_misc_27, vaults_room_ringed_pool,
          v_misc_10, nicolae_vaults_inception_scallops,
          hangedman_vaults_restitches, ontoclasm_vaults_chip, v_alt_pattern_6,
          ontoclasm_vaults_hangar, vaults_room_door_ring,
          nicolae_vaults_sealed_display, nicolae_vaults_little_squares_2,
          grunt_vaults_bifocal, vaults_room_pool, layout_vaults_omnicross,
          uniq_saint_roka
Vaults:4: v_misc_28, ontoclasm_vaults_misaligned, vaults_room_glass_cross,
          v_misc_8, v_pattern_3, nicolae_vaults_little_squares_3,
          grunt_vaults_diagonal, v_misc_27, v_misc_16, v_misc_28,
          nicolae_vaults_little_squares_6, layout_vaults_big_room, serial_shops,
          nicolae_shop_hallway_plus
Vaults:5: uniq_margery, uniq_xtahua
Depths:1: layout_gridlike, hell_entry, serial_shops, nicolae_shop_behind_doors,
          nicolae_yredelemnul_ghost_church
Depths:2: grunt_twist_and_shout, layout_cave_pools, hell_entry,
          rand_demon_pan_entry_5, nicolae_sextant
Depths:3: grunt_house_of_mirrors, layout_gridlike, enter_ziggurat_c, hell_entry,
          abyss_entry, rand_demon_pan_entry_7,
          nemelex_xobeh_ov_fountains_minmay, kennysheep_crisscross,
          infiniplex_staircase_river, uniq_frederick, uniq_jory
Depths:4: grunt_zot_entry_pinwheel, layout_basic, abyss_entry,
          chequers_decorated_corner, hell_entry, drop_trap, serial_bayou_shore_b
Zot:1:    layout_gridville
Zot:2:    nicolae_moth_party, layout_cathedral_of_symmetry
Zot:3:    layout_onion_interference, gammafunk_ghost_abyssal_escape, st_stairs_9
Zot:4:    layout_misc_corridors
Zot:5:    layout_gridville, skrybe_zot_glass_3

Skill      XL: |  1  2  3  4  5  6  7  8  9 10 11 12 13 14 15 16 17 18 19 20 21 22 23 24 25 26 27 |
---------------+----------------------------------------------------------------------------------+-----
Axes           | 3 4 5 6 7 9 10 12 14 16 17 19 20 21 22 23 24 25 26 27 | 27.0
Fighting       | 4 5 6 7 8 10 11 12 13 14 15 16 17 18 19 20 21 22 | 22.9
Shields        | 4 5 6 7 8 9 10 11 12 14 15 16 17 18 19 20 21 22 23 | 23.0
Armour         | 4 5 6 7 8 9 10 11 12 13 14 15 16 17 18 19 20 21 | 21.2
Invocations    | 1 2 3 5 6 8 9 11 12 | 12.0
Ranged Weapons | 4 6 8 10 11 12 13 14 15 16 17 | 17.2
Dodging        | 2 4 5 6 7 8 9 10 11 12 13 14 | 14.1
Evocations     | 3 5 6 7 9 10 11 12 13 14 15 16 | 16.0

Action                   |  1- 3 |  4- 6 |  7- 9 | 10-12 | 13-15 | 16-18 | 19-21 | 22-24 | 25-27 || total
-------------------------+-------+-------+-------+-------+-------+-------+-------+-------+-------++-------
Melee: War axe           |    70 |   182 |   250 |   721 |    85 |       |       |       |       ||  1308
       Broad axe         |       |       |       |       |   962 |  1237 |  1245 |  1157 |   906 ||  5507
       Scimitar          |       |       |       |       |    54 |    34 |       |       |       ||    88
 Fire: Sling             |       |       |       |    31 |    54 |     5 |       |       |       ||    90
Invok: Heroism           |       |       |     2 |    13 |    18 |    22 |    11 |    15 |    10 ||    91
       Finesse           |       |       |       |     1 |     3 |     2 |     2 |     3 |     3 ||    14
       Duel              |       |       |       |       |       |     1 |       |       |       ||     1
Evoke: Wand              |       |       |     7 |       |     5 |       |       |       |     2 ||    14
  Use: Potion            |     1 |     1 |     3 |     6 |       |     1 |     4 |     4 |     5 ||    25
       Scroll            |       |       |    21 |     6 |    13 |     6 |     3 |    12 |    10 ||    71
 Stab: Invisible         |       |       |     1 |       |     2 |       |       |       |     1 ||     4
       Distracted        |       |       |       |       |       |       |     1 |     1 |       ||     2
       Confused          |       |       |       |       |       |       |       |       |     1 ||     1
Armor: Scale mail        |    29 |   102 |   149 |   198 |       |       |       |       |       ||   478
       Plate armour      |       |       |       |    42 |       |       |       |   132 |     3 ||   177
       Chain mail        |       |       |       |   119 |   554 |   481 |   452 |   150 |       ||  1756
       Crystal plate arm |       |       |       |       |    50 |       |       |       |       ||    50
       Gold dragon scale |       |       |       |       |       |       |       |       |   215 ||   215
Dodge: Dodged            |    37 |    71 |   120 |   337 |   320 |   331 |   317 |   286 |   173 ||  1992
Block: Buckler           |    17 |    30 |    78 |   241 |   135 |       |       |       |       ||   501
       Kite shield       |       |       |       |       |   478 |  1056 |   966 |   467 |       ||  2967
       Reflection        |       |       |       |       |       |       |    14 |       |       ||    14
       Tower shield      |       |       |       |       |       |       |       |   538 |   731 ||  1269

Table legend: (Time is in decaauts)
 A = Elapsed time spent in this place.
 B = Non-inter-level travel time spent in this place.
 C = Inter-level travel time spent in this place.
 D = Time resting spent in this place.
 E = Time spent auto-exploring this place.
 F = Levels seen in this place.
 G = Mean time per level.
                   A        B        C        D        E       F      G
               +--------+--------+--------+--------+--------+-----+--------+
         Total |  64830 |  57201 |   7629 |   7984 |  38156 |  53 | 1223.2 |
       Dungeon |  15421 |  12330 |   3091 |    631 |   9201 |  15 | 1028.1 |
        Temple |    142 |    142 |      0 |      0 |     87 |   1 |  142.0 |
          Lair |   7067 |   5654 |   1413 |    500 |   3771 |   5 | 1413.4 |
         Swamp |   4065 |   3745 |    320 |    749 |   2104 |   4 | 1016.2 |
     Snake Pit |   6156 |   5648 |    508 |    523 |   4120 |   4 | 1539.0 |
  Orcish Mines |   1406 |   1125 |    281 |      9 |    851 |   2 |  703.0 |
   Elven Halls |   3439 |   3037 |    402 |    210 |   1923 |   3 | 1146.3 |
        Vaults |  10713 |   9915 |    798 |   2003 |   6473 |   5 | 2142.6 |
        Depths |   7604 |   7055 |    549 |   1566 |   4484 |   4 | 1901.0 |
           Zot |   7391 |   7128 |    263 |   1644 |   4428 |   5 | 1478.2 |
         Abyss |     30 |     30 |      0 |      0 |     21 |   1 |   30.0 |
         Trove |     44 |     44 |      0 |      0 |      0 |   1 |   44.0 |
        Bailey |    610 |    610 |      0 |    145 |    225 |   1 |  610.0 |
      Ice Cave |    723 |    723 |      0 |      2 |    466 |   1 |  723.0 |
         Arena |     13 |     13 |      0 |      0 |      0 |   1 |   13.0 |
               +--------+--------+--------+--------+--------+-----+--------+

Top non-repeatable levels by time:
Depths:3: 2765 daAuts
Vaults:4: 2675 daAuts
   Zot:5: 2391 daAuts
Vaults:5: 2375 daAuts
Vaults:3: 2347 daAuts
    D:10: 2014 daAuts
 Snake:4: 1998 daAuts
  Lair:5: 1970 daAuts
   Zot:2: 1870 daAuts
Depths:1: 1818 daAuts
Vaults:2: 1730 daAuts
 Snake:3: 1689 daAuts
    D:14: 1593 daAuts
Vaults:1: 1584 daAuts
    D:11: 1525 daAuts

Table legend:
 A = Kills in this place as a percentage of kills in entire the game.
 B = Kills by you in this place as a percentage of kills by you in the entire game.
 C = Kills by friends in this place as a percentage of kills by friends in the entire game.
 D = Other kills in this place as a percentage of other kills in the entire game.
 E = Experience gained in this place as a percentage of experience gained in the entire game.
 F = Experience gained in this place divided by the number of levels of this place that you have seen.
                   A       B       C       D       E      F
               +-------+-------+-------+-------+-------+----------------------
         Total | 100.0 | 100.0 |   N/A | 100.0 | 100.0 | 24686.3
       Dungeon |  16.5 |  16.5 |   N/A |   0.0 |   4.6 | 4037.5
          Lair |   9.1 |   9.1 |   N/A |   0.0 |   4.4 | 11508.0
         Swamp |   7.2 |   7.2 |   N/A |   0.0 |   6.4 | 20985.5
     Snake Pit |   9.9 |   9.9 |   N/A |  33.3 |   8.3 | 27095.2
  Orcish Mines |   4.4 |   4.4 |   N/A |   0.0 |   0.9 | 5945.0
   Elven Halls |   8.8 |   8.7 |   N/A |  66.7 |   9.5 | 41525.3
        Vaults |  20.2 |  20.2 |   N/A |   0.0 |  27.0 | 70705.4
        Depths |  10.9 |  10.9 |   N/A |   0.0 |  15.7 | 51392.2
           Zot |   9.0 |   9.0 |   N/A |   0.0 |  21.6 | 56542.8
        Bailey |   1.6 |   1.6 |   N/A |   0.0 |   0.1 | 1882.0
      Ice Cave |   2.5 |   2.5 |   N/A |   0.0 |   1.0 | 13536.0
         Arena |   0.0 |   0.0 |   N/A |   0.0 |   0.3 | 4254.0
               +-------+-------+-------+-------+-------+----------------------
